 Dungeon Crawl Stone Soup version 0.30-a0-1043-g60ff8d5f49 (webtiles) character file.

Game seed: 1407347496190517866

72251 bande the Cleaver (level 15, -5/92 HPs)
             Began as a Gargoyle Fighter on Apr 11, 2023.
             Was the Champion of Okawaru.
             Slain by a two-headed hydra simulacrum (19 damage)
             ... in an ice cave.
             The game lasted 00:41:55 (20613 turns).

bande the Cleaver (Gargoyle Fighter)               Turns: 20613, Time: 00:41:56

Health: -5/92      AC: 49    Str: 24    XL:     15   Next: 39%
Magic:  22/22      EV:  4    Int: 13    God:    Okawaru [******]
Gold:   1320       SH: 13    Dex: 15    Spells: 12/14 levels left

rFire   . . .      SeeInvis .    y - +8 war axe of Overwhelming Force {drain, Int+3}
rCold   + . .      Faith    .    c - +1 buckler
rNeg    + . .      Spirit   .    V - +2 crystal plate armour {rC+}
rPois   ∞          Reflect  +    i - +1 helmet
rElec   +          Rampage  .    g - +0 cloak
rCorr   .                        P - +0 pair of gloves
Will    +....                    Q - +1 pair of boots of the Forest {+Inv Str+4 Stlth-} Stlth
                                 C - amulet of reflection
HPRegen 0.35/turn                k - +4 ring of protection
MPRegen 0.18/turn                F - +4 ring of protection

@: flying
A: sickness immunity, AC +11, big wings, negative energy resistance 1,
electricity resistance, torment resistance 1, petrification resistance
a: Renounce Religion, Evoke Invisibility, Heroism, Finesse, Duel


You were in an ice cave.
You worshipped Okawaru.
Okawaru was exalted by your worship.
You visited 3 branches of the dungeon, and saw 17 of its levels.
You visited the Abyss 1 time.
You also visited: Ice Cave.

You collected 1600 gold pieces.
You spent 280 gold pieces at shops.

Inventory:

Hand Weapons
 m - a +1 war axe
 y - the +8 war axe of Overwhelming Force (weapon) {drain, Int+3}
   (You bought it in a shop on level 7 of the Dungeon)

   Int:       It affects your intelligence (+3).
 z - a +3 antimagic shortbow
 D - a +0 morningstar
Missiles
 e - 2 throwing nets (quivered)
Armour
 c - a +1 buckler (worn)
 g - a +0 cloak (worn)
 i - a +1 helmet (worn)
 P - a +0 pair of gloves (worn)
 Q - the +1 pair of boots of the Forest (worn) {+Inv Str+4 Stlth-}
   (Okawaru gifted it to you on level 5 of the Lair of Beasts)

   Str:       It affects your strength (+4).
   +Inv:      It lets you turn invisible.
   Stlth:     It makes you less stealthy.
 V - a +2 crystal plate armour of cold resistance (worn)
Jewellery
 k - a +4 ring of protection (left hand)
 l - the amulet of Uvidupt {Acrobat Rampage *Slow Regen+ Dex+6}
   (You took it off a centaur on level 8 of the Dungeon)

   [amulet of the acrobat]

   It increases your evasion while moving and waiting.
   Dex:       It affects your dexterity (+6).
   Regen:     It increases your rate of health regeneration.
   *Slow:     It may slow you when you take damage.
   Rampage:   It bestows one free step when moving towards enemies.
 u - a ring of resist corrosion
 v - a ring of wizardry
 x - the ring of Creativity {Ice Int+5 Dex-4}
   (You found it on level 5 of the Dungeon)

   [ring of ice]

   It enhances your ice magic.
   Int:       It affects your intelligence (+5).
   Dex:       It affects your dexterity (-4).
   rF:        It makes you vulnerable to fire.
   rC:        It protects you from cold.
 C - an amulet of reflection (around neck)
 F - a +4 ring of protection (right hand)
 S - a ring of willpower
 T - a +4 ring of protection
Wands
 d - a wand of polymorph (10)
 h - a wand of paralysis (4)
 n - a wand of flame (53)
 t - a wand of iceblast (8)
 E - a wand of acid (15)
 G - a wand of mindburst (18)
 N - a wand of digging (4)
Scrolls
 j - 3 scrolls of enchant armour
 o - 4 scrolls of teleportation
 q - 7 scrolls of identify
 r - 3 scrolls of fear
 B - 2 scrolls of amnesia
 J - a scroll of silence
 K - 2 scrolls of enchant weapon
 M - a scroll of poison
 O - a scroll of fog
 U - a scroll of magic mapping
Potions
 a - a potion of brilliance
 b - 6 potions of flight
 f - 4 potions of magic
 w - 8 potions of curing
 A - 3 potions of berserk rage
 H - a potion of invisibility
 I - 3 potions of ambrosia
 L - a potion of haste {unknown}
 R - a potion of mutation


   Skills:
 + Level 10.1 Fighting
 + Level 13.1 Axes
 + Level 10.7 Armour
 + Level 11.3 Shields
 + Level 4.6 Unarmed Combat
 + Level 0.1 Spellcasting
 * Level 7.3 Translocations
 * Level 9.6 Invocations
 - Level 8.5 Evocations


You had 12 spell levels left.
You knew the following spells:

 Your Spells              Type           Power      Damage    Failure   Level
a - Blink                 Tloc           38%        N/A       78%         2

Your spell library contained the following spells:

 Spells                   Type           Power      Damage    Failure   Level
 Lesser Beckoning         Tloc           38%        N/A       78%         2
 Momentum Strike          Conj/Tloc      18%        3d8       99%         2
 Sandblast                Erth           0%         2d4       100%        1
 Passwall                 Tmut/Erth      0%         N/A       100%        2
 Stone Arrow              Conj/Erth      0%         3d7       100%        3
 Borgnjor's Vile Clutch   Necr/Erth      0%         N/A       100%        5
 Storm Form               Tmut/Air       0%         N/A       100%        7
 Maxwell's Capacitive Co  Air            0%         ∞         100%        8
 Animate Dead             Necr           Unusable   N/A       N/A         4
 Summon Lightning Spire   Summ/Air       Unusable   N/A       N/A         4
 Death Channel            Necr           Unusable   N/A       N/A         6

Dungeon Overview and Level Annotations

Branches:
Dungeon (11/15)            Temple (1/1) D:7            Lair (5/5) D:9
 Shoals (0/4) Lair:3        Snake (0/4) Lair:2        Slime (0/5) Lair:4
    Orc (0/2) D:9           IceCv (1/1)

Altars:
Ashenzari
Cheibriados
Dithmenos
Elyvilon
Fedhas
Gozag
Hepliaklqana
Kikubaaqudgha
Makhleb
Nemelex Xobeh
Okawaru
Qazlal
Ru
Sif Muna
Trog
Uskayaw
Vehumet
Wu Jian
Xom
Yredelemnul
Zin
The Shining One
Jiyva

Shops:
D:1 (   D:7 *   D:9 =   D:10 [

Portals:
Hell: Lair:5

Annotations:
Lair:4 3 runed translucent doors, NeonRainbow's ghost, journeyman OpBr


Innate Abilities, Weirdness & Mutations

You are immune to sickness and miasma.
Your stone body is resilient. (AC +11)
You are immune to poison.
Your large and strong wings let you fly.
You resist negative energy. (rN+)
You are resistant to electric shocks. (rElec)
You are resistant to unholy torment.
You are immune to petrification.


Message History

You are engulfed in freezing vapours.
You resist.
The white ugly thing punches you but does no damage.
You slash the white ugly thing! You drain the white ugly thing.
The white ugly thing is heavily wounded.
You are engulfed in freezing vapours.
You resist.
You block the white ugly thing's attack.
You closely miss the white ugly thing.
The white ugly thing is heavily wounded.
You slice the white ugly thing!!
You kill the white ugly thing!
Okawaru accepts your kill.
You slash the dire elephant simulacrum!
The dire elephant simulacrum is lightly damaged.
You slash the dire elephant simulacrum!
The dire elephant simulacrum is moderately damaged.
The dire elephant simulacrum tramples you but does no damage.
The dire elephant simulacrum trunk-slaps you but does no damage.
You slice the dire elephant simulacrum!!
The dire elephant simulacrum is almost destroyed.
You block the dire elephant simulacrum's attack.
The dire elephant simulacrum trunk-slaps you but does no damage.
You hit the dire elephant simulacrum.
The dire elephant simulacrum is almost destroyed.
The dire elephant simulacrum tramples you!!
* * * LOW HITPOINT WARNING * * *
You are shoved backwards!
You hit the dire elephant simulacrum but do no damage.
The dire elephant simulacrum is almost destroyed.
You slash the dire elephant simulacrum!
The dire elephant simulacrum vaporises!
Okawaru accepts your kill.
You hack one of the three-headed hydra simulacrum's heads off!
You hit the two-headed hydra simulacrum.
The two-headed hydra simulacrum is lightly damaged.
You block the two-headed hydra simulacrum's attack.
The two-headed hydra simulacrum bites you.
* * * LOW HITPOINT WARNING * * *
The two-headed hydra simulacrum freezes you!!
You resist.
You die...

#### ############# #
![..# ##.....#.....## ##
.....###......#(.....###[
......#.......#.......#..
......†Z@................
......#.......#.......#..
..... ##......#......###.
|[.. ##.....#.)[..## ##
### ############# #


You could see a two-headed hydra simulacrum.

Vanquished Creatures
  A dire elephant (Lair:5)
  Snorg (D:10)
  A spriggan zombie (Abyss:3)
  4 hydras
  A boulder beetle (D:11)
  4 two-headed ogres
  A bunyip zombie (Abyss:3)
  Lodul (D:10)
  A sixfirhy (Lair:5)
  A wizard (Lair:5)
  Pikel (D:7)
  An ugly thing (IceCv)
  19 elephants
  A dire elephant zombie (Abyss:2)
  A centaur zombie (D:10)
  3 ice statues (IceCv)
  4 black mambas
  2 merfolk sirens (Lair:3)
  2 orange demons (Lair:5)
  14 cane toads
  A smoke demon (Lair:5)
  A torpor snail (Lair:5)
  4 rime drakes
  A freezing wraith (IceCv)
  9 komodo dragons
  A tormentor (Abyss:3)
  3 ice devils (Lair:5)
  3 polar bears
  Prince Ribbit (D:8)
  A troll (D:10)
  2 merfolk (Lair:3)
  2 hornets
  Grinder (D:3)
  5 blink frogs
  4 raiju (Abyss:2)
  2 meliai zombies (D:10)
  Sigmund (D:2)
  2 ynoxinuls (Abyss:3)
  A wraith (D:10)
  A centaur simulacrum (D:10)
  2 large abominations (Abyss:2)
  2 dire elephant simulacra (IceCv)
  28 yaks
  5 wyverns
  8 basilisks
  3 death yak simulacra (IceCv)
  2 vampire mosquitoes (D:7)
  2 neqoxecs (Abyss:3)
  Menkaure (D:5)
  3 nagas (Lair:2)
  A harpy simulacrum (IceCv)
  An acid dragon (D:9)
  4 hell hounds (Lair:5)
  16 water moccasins
  2 ice beasts
  2 sky beasts
  2 black bears
  5 orc warriors
  12 ogres
  16 wolves
  6 centaurs
  A lemure (D:7)
  A small abomination (Abyss:3)
  A phantom (D:5)
  11 bullfrogs
  A kobold brigand (D:7)
  A gnoll sergeant (D:8)
  A scorpion (D:5)
  A two-headed ogre simulacrum (D:11)
  21 wights
  11 killer bees (D:8)
  2 electric eels (D:11)
  A howler monkey (D:9)
  2 lava snakes (D:9)
  3 gnoll boudas
  3 hounds
  10 orc priests
  2 jellies (D:5)
  An iron imp (Abyss:2)
  4 sleepcaps
  10 orc wizards
  2 iguanas
  A polar bear simulacrum (IceCv)
  A troll simulacrum (D:11)
  A wolf simulacrum (IceCv)
  A howler monkey zombie (D:10)
  27 gnolls
  12 adders
  A naga simulacrum (D:11)
  2 shadow imps
  3 white imps
  An ufetubus (D:5)
  2 worms
  5 dart slugs
  52 orcs
  2 endoplasms (D:2)
  3 giant cockroaches
  6 goblins
  3 hobgoblins
  3 jackals (D:4)
  12 kobolds
  5 quokkas
  11 ball pythons
  A bat (D:2)
  3 frilled lizards
  3 rats
484 creatures vanquished.

Vanquished Creatures (others)
  An orc wizard (D:3)
  27 fungi
  50 plants
78 creatures vanquished.

Grand Total: 562 creatures vanquished

Notes
Turn   | Place    | Note
-------+----------+-------------------------------------------
     0 | D:1      | bande the Gargoyle Fighter began the quest for the Orb.
     0 | D:1      | Reached XP level 1. HP: 14/14 MP: 1/1
     9 | D:1      | Noticed an ogre
   175 | D:1      | Reached XP level 2. HP: 19/19 MP: 2/2
   380 | D:1      | Found Kejos Rying's Weapon Shoppe.
   746 | D:2      | Reached skill level 2 in Axes
   770 | D:2      | Reached XP level 3. HP: 20/24 MP: 3/3
   815 | D:2      | Noticed Sigmund
   858 | D:2      | Killed Sigmund
   859 | D:2      | Reached skill level 3 in Axes
   859 | D:2      | Reached XP level 4. HP: 22/29 MP: 4/4
   859 | D:2      | Reached XP level 5. HP: 25/33 MP: 5/5
  1063 | D:2      | Identified the +5 short sword "Biegee" {flame, rElec rC+
                  | Int+2 Dex-2}
  1406 | D:3      | Reached skill level 5 in Axes
  1406 | D:3      | Reached XP level 6. HP: 38/38 MP: 6/6
  1416 | D:3      | Noticed Grinder
  1430 | D:3      | Reached XP level 7. HP: 37/43 MP: 7/7
  1446 | D:3      | Paralysed by Grinder for 3 turns
  1465 | D:3      | Killed Grinder
  1869 | D:3      | Reached skill level 6 in Axes
  2361 | D:4      | Reached XP level 8. HP: 36/48 MP: 8/8
  3204 | D:5      | Entered Level 5 of the Dungeon
  3520 | D:5      | Noticed Menkaure
  3532 | D:5      | Killed Menkaure
  4183 | D:5      | Reached XP level 9. HP: 53/53 MP: 9/9
  4563 | D:5      | Identified the ring of Creativity {Ice Int+5 Dex-4}
  4927 | D:6      | Reached skill level 7 in Axes
  5031 | D:6      | Reached skill level 5 in Fighting
  6017 | D:7      | Found a staircase to the Ecumenical Temple.
  6089 | Temple   | Entered the Ecumenical Temple
  6191 | Temple   | Became a worshipper of Warmaster Okawaru
  6303 | D:7      | Reached XP level 10. HP: 54/59 MP: 10/10
  6396 | D:7      | Noticed Pikel
  6420 | D:7      | Killed Pikel
  6421 | D:7      | Reached skill level 8 in Axes
  6421 | D:7      | Reached skill level 1 in Invocations
  6813 | D:7      | Found Ecloasaurue's Assorted Antiques.
  6816 | D:7      | Bought a bloodstained war axe for 280 gold pieces
  6816 | D:7      | Identified the +8 war axe of Overwhelming Force {drain,
                  | Int+3} (You bought it in a shop on level 7 of the Dungeon)
  6887 | D:8      | Noticed a two-headed ogre
  6897 | D:8      | Killed a two-headed ogre
  6897 | D:8      | Reached * piety under Okawaru
  7479 | D:8      | Noticed Prince Ribbit
  7487 | D:8      | Killed Prince Ribbit
  7595 | D:8      | Noticed a two-headed ogre
  7596 | D:8      | Identified the amulet of Uvidupt {Acrobat Rampage *Slow
                  | Regen+ Dex+6}
  7607 | D:8      | Killed a two-headed ogre
  7607 | D:8      | Reached ** piety under Okawaru
  7799 | D:8      | Noticed a two-headed ogre
  7809 | D:8      | Killed a two-headed ogre
  7809 | D:8      | Reached *** piety under Okawaru
  7810 | D:8      | Reached XP level 11. HP: 30/64 MP: 13/13
  8028 | D:8      | Found a radiant altar of Vehumet.
  8030 | D:8      | Found a shadowy altar of Dithmenos.
  8035 | D:8      | Found a shimmering blue altar of Sif Muna.
  8132 | D:9      | Reached skill level 9 in Axes
  8277 | D:9      | Found a shimmering altar of Xom.
  8335 | D:9      | Found a staircase to the Lair.
  8342 | D:9      | Reached **** piety under Okawaru
  8905 | D:9      | Found Nuttobum's Jewellery Shop.
  9267 | D:9      | Found a staircase to the Orcish Mines.
  9871 | D:10     | Entered Level 10 of the Dungeon
  9875 | D:10     | Learned a level 2 spell: Blink
 10162 | Lair:1   | Entered Level 1 of the Lair of Beasts
 10526 | Lair:1   | Received a gift from Okawaru
 10542 | Lair:1   | Reached skill level 1 in Translocations
 10734 | Lair:1   | Reached ***** piety under Okawaru
 11110 | Lair:1   | Reached XP level 12. HP: 71/71 MP: 15/15
 11275 | Lair:2   | Reached skill level 5 in Invocations
 11298 | Lair:2   | Reached skill level 10 in Axes
 11514 | Lair:2   | Identified the +1 robe "Uvve" {rF- Regen+ Archmagi}
                  | (Okawaru gifted it to you on level 2 of the Lair of Beasts)
 11514 | Lair:2   | Received a gift from Okawaru
 11785 | Lair:2   | Found a staircase to the Snake Pit.
 12299 | Lair:2   | Identified the staff of poison "Qoxuwaon" {rElec rPois
                  | Str+5}
 12639 | Lair:3   | Found a staircase to the Shoals.
 12650 | Lair:3   | Reached skill level 11 in Axes
 13154 | Lair:3   | Reached XP level 13. HP: 78/78 MP: 17/17
 13183 | Lair:3   | Reached ****** piety under Okawaru
 13831 | Lair:4   | Found a runed translucent gate.
 13831 | Lair:4   | Found a runed translucent gate.
 13831 | Lair:4   | Noticed an acid blob
 13832 | Lair:4   | Found a runed translucent gate.
 13832 | Lair:4   | Noticed a great orb of eyes
 13832 | Lair:4   | Noticed an azure jelly
 13832 | Lair:4   | Noticed an azure jelly
 13832 | Lair:4   | Noticed NeonRainbow's ghost (journeyman OpBr)
 13832 | Lair:4   | Noticed an acid blob
 13832 | Lair:4   | Noticed an acid blob
 13832 | Lair:4   | Noticed an azure jelly
 13832 | Lair:4   | Noticed an acid blob
 13832 | Lair:4   | Noticed an acid blob
 13833 | Lair:4   | Noticed a rockslime
 13834 | Lair:4   | Noticed an acid blob
 13834 | Lair:4   | Noticed an azure jelly
 14161 | Lair:4   | Found a staircase to the Slime Pits.
 14173 | Lair:4   | Identified the +2 ring mail of Indemnity {rPois Dex+2}
 14616 | Lair:4   | Reached skill level 5 in Translocations
 14845 | Lair:4   | Found a viscous altar of Jiyva.
 15044 | Lair:5   | Entered Level 5 of the Lair of Beasts
 15049 | Lair:5   | Identified the +1 pair of boots of the Forest {+Inv Str+4
                  | Stlth-} (Okawaru gifted it to you on level 5 of the Lair of
                  | Beasts)
 15049 | Lair:5   | Received a gift from Okawaru
 15152 | Lair:5   | Reached skill level 12 in Axes
 15152 | Lair:5   | Reached skill level 10 in Armour
 15152 | Lair:5   | Reached skill level 10 in Shields
 15152 | Lair:5   | Gained mutation: Your large and strong wings let you fly.
                  | [Gargoyle growth]
 15152 | Lair:5   | Reached XP level 14. HP: 41/84 MP: 18/20
 16228 | Lair:5   | Noticed a dire elephant
 16242 | Lair:5   | Killed a dire elephant
 16271 | Abyss:2  | Cast into level 2 of the Abyss (a wizard)
 16374 | Abyss:2  | Received a gift from Okawaru
 16426 | Abyss:2  | Found a corrupted altar of Lugonu.
 16435 | Abyss:3  | Found a corrupted altar of Lugonu.
 16467 | Abyss:3  | Reached XP level 15. HP: 65/91 MP: 21/21
 16481 | Abyss:3  | Found a corrupted altar of Lugonu.
 16534 | Abyss:3  | HP: 1/91 [bunyip zombie (12)]
 16566 | Lair:5   | Escaped the Abyss
 16956 | Lair:5   | Found a burning altar of Makhleb.
 17034 | Lair:5   | HP: 2/92 [hell hound/blast of flame (8)]
 17845 | Lair:5   | Found a gateway to Hell.
 18492 | D:10     | Noticed Snorg
 18503 | D:10     | Killed Snorg
 18593 | D:10     | Noticed Lodul
 18623 | D:10     | Killed Lodul
 18842 | D:10     | Reached skill level 13 in Axes
 18985 | D:10     | Found Atweass's Antique Armour Boutique.
 19089 | D:11     | Received a gift from Okawaru
 19089 | D:11     | Found the +3 hat of Pondering {ponderous, Will+ MP+10
                  | Int+5}
 19090 | D:11     | Reached skill level 10 in Fighting
 19193 | D:11     | Found a frozen archway.
 19214 | IceCv    | Entered an ice cave
 19889 | IceCv    | HP: 4/92 [ice statue] (10)]
 20613 | IceCv    | Slain by a two-headed hydra simulacrum

Illustrated notes

Levels and vault maps discovered:
D:1:      evilmike_arrival_come_back, layout_basic, serial_shops,
          nicolae_shop_crystal
D:2:      layout_rooms, kennysheep_small_spiral, minivault_5, uniq_sigmund
D:3:      cheibrodos_pilgrimage, layout_rooms, minmay_randomly_rotated_circles,
          uniq_grinder
D:4:      layout_cave_pods, serial_bayou, serial_bayou_pond_c,
          serial_bayou_lagoon_b, serial_bayou_pond_e, serial_bayou_pond_e
D:5:      layout_cave_pods, chequers_serial_rivers_room_b,
          kennysheep_small_circle, uniq_menkaure
D:6:      layout_cave_pods
D:7:      layout_loops_cross, minmay_temple_entry_fiery, serial_shops,
          kennysheep_mini_moat, uniq_pikel
D:8:      layout_gridville, grunt_temple_overflow_open, uniq_prince_ribbit1
D:9:      layout_long_grid, mainiacjoe_overflow_24_doors, david_lair_generic,
          hiddenorc2_lemuel, nicolae_sextant, st_stairs_6,
          nicolae_inconvenience_store, chequers_mini_garden, grunt_ministairs_2,
          grunt_decor_cap
D:10:     layout_roguey, serial_shops, kennysheep_mini, hangedman_weighted_door,
          uniq_lodul, uniq_snorg
D:11:     layout_basic, portal_ice_cave_entry_ice_simulacra
Temple:   compressed_dpeg_circular_temple
Lair:1:   layout_long_grid
Lair:2:   nzn_winding_woodlands_three_and_one
          [nzn_winding_woodlands_5x15_default,
          nzn_winding_woodlands_5x15_pockets,
          nzn_winding_woodlands_5x15_default,
          nzn_winding_woodlands_center_diamonds], layout_loops_ring,
          nicolae_snake_entry_squirm, serial_forest,
          infiniplex_forest_clump_large, infiniplex_forest_clump_medium,
          infiniplex_forest_corner_1, infiniplex_forest_end_1,
          infiniplex_forest_straight_2
Lair:3:   layout_gridlike, elwin_shoals_entry_stream, grunt_megastairs_1
Lair:4:   layout_cave_pods, slime_entry_1, gammafunk_ghost_ooze,
          nicolae_lair_grazing_beasts [nicolae_sub_lair_graze_edge,
          nicolae_sub_lair_graze_edge, nicolae_sub_lair_graze_edge,
          nicolae_sub_lair_graze_edge]
Lair:5:   evil_forest, layout_long_grid
IceCv:    ice_cave_statue_garden_chambered

Skill      XL: |  1  2  3  4  5  6  7  8  9 10 11 12 13 14 15 |
---------------+----------------------------------------------+-----
Axes           | 2 3 5 6 7 8 9 11 12 13 | 13.1
Armour         | 4 7 8 9 10 | 10.7
Fighting       | 4 5 6 7 8 9 10 | 10.1
Shields        | 6 7 8 9 10 11 | 11.3
Unarmed Combat | 4 |  4.6
Evocations     | 6 7 8 |  8.5
Invocations    | 3 4 6 8 9 |  9.6
Translocations | 2 4 6 7 |  7.3
Spellcasting   | |  0.1

Action                     |  1- 3 |  4- 6 |  7- 9 | 10-12 | 13-15 || total
---------------------------+-------+-------+-------+-------+-------++-------
  Melee: War axe           |    74 |    69 |   460 |   660 |   669 ||  1932
         Unarmed           |     3 |     1 |       |       |       ||     4
         Morningstar       |       |       |       |       |    34 ||    34
   Cast: Blink             |       |       |       |       |     1 ||     1
 Invoke: Heroism           |       |       |       |       |     3 ||     3
    Use: Scroll            |     6 |     3 |     7 |     5 |     5 ||    26
         Potion            |     1 |     1 |       |       |     9 ||    11
 Armour: Scale mail        |    12 |       |       |       |       ||    12
         Chain mail        |    44 |    47 |    55 |       |       ||   146
         Skin              |    13 |       |       |       |       ||    13
         Plate armour      |       |       |   358 |   452 |   476 ||  1286
         Crystal plate arm |       |       |       |       |    78 ||    78
  Dodge: Dodged            |    42 |    27 |   142 |   159 |   188 ||   558
  Block: Buckler           |    16 |    25 |   167 |   467 |   510 ||  1185
         Reflection        |       |       |       |     9 |     4 ||    13

Table legend: (Time is in decaauts)
 A = Elapsed time spent in this place.
 B = Non-inter-level travel time spent in this place.
 C = Inter-level travel time spent in this place.
 D = Time resting spent in this place.
 E = Time spent auto-exploring this place.
 F = Levels seen in this place.
 G = Mean time per level.
                   A        B        C        D        E       F      G
               +--------+--------+--------+--------+--------+-----+--------+
         Total |  20787 |  20162 |    625 |   5559 |  10172 |  20 | 1039.3 |
       Dungeon |  11632 |  11133 |    499 |   2325 |   6218 |  11 | 1057.5 |
        Temple |    118 |    118 |      0 |      0 |     75 |   1 |  118.0 |
          Lair |   7364 |   7238 |    126 |   2132 |   3751 |   5 | 1472.8 |
         Abyss |    285 |    285 |      0 |      0 |    118 |   2 |  142.5 |
      Ice Cave |   1386 |   1386 |      0 |   1102 |     10 |   1 | 1386.0 |
               +--------+--------+--------+--------+--------+-----+--------+

Top non-repeatable levels by time:
  Lair:5: 2731 daAuts
     D:9: 1925 daAuts
     D:8: 1779 daAuts
     D:5: 1443 daAuts
   IceCv: 1386 daAuts
  Lair:3: 1345 daAuts
  Lair:4: 1265 daAuts
  Lair:2: 1241 daAuts
     D:6: 1219 daAuts
     D:3: 980 daAuts
     D:7: 919 daAuts
     D:4: 891 daAuts
    D:10: 871 daAuts
  Lair:1: 780 daAuts
     D:2: 737 daAuts
